 Dungeon Crawl Stone Soup version 0.29.1-12-g30fa7ad0bf (webtiles) character file.

Game seed: 7443054278065239060

5 growler the Ruffian (level 1, -1/15 HPs)
             Began as a Demonspawn Wanderer on Jan 10, 2023.
             Slain by a rat (3 damage)
             ... on level 1 of the Dungeon.
             The game lasted 00:00:56 (204 turns).

growler the Ruffian (Demonspawn Wanderer)            Turns: 204, Time: 00:00:57

Health: -1/15      AC:  3    Str: 14    XL:     1   Next: 66%
Magic:  1/1        EV: 10    Int: 10    God:
Gold:   18         SH:  6    Dex: 13    Spells: 0/0 levels left

rFire   . . .      SeeInvis .   a - +0 club
rCold   . . .      Faith    .   f - +2 buckler
rNeg    . . .      Spirit   .   e - +0 leather armour
rPois   .          Reflect  .   (no helmet)
rElec   .          Harm     .   (no cloak)
rCorr   .          Rampage  .   (no gloves)
Will    .....                   (no boots)
Stlth   +.........              (no amulet)
HPRegen 0.05/turn               (no ring)
MPRegen 0.07/turn               (no ring)

@: no status effects
A: no striking features
a: no special abilities


You were on level 1 of the Dungeon.
You visited 1 branch of the dungeon, and saw 1 of its levels.

You collected 18 gold pieces.

Inventory:

Hand Weapons
 a - a +0 club (weapon)
Armour
 e - a +0 leather armour (worn)
 f - a +2 buckler (worn)
Scrolls
 b - a scroll of fog
 i - a scroll of amnesia {unknown}
Potions
 d - a potion of haste
 g - a potion of curing {unknown}
 h - a potion of flight {unknown}
Miscellaneous
 c - a piece from Xom's chessboard (12/15) (quivered)


   Skills:
 + Level 1.3 Fighting
 - Level 1.7 Armour
 - Level 2.6 Shields
 - Level 3.6 Unarmed Combat
 - Level 1.0 Evocations


You couldn't memorise any spells.
You didn't know any spells.
Your spell library was empty.

Dungeon Overview and Level Annotations

Branches:
Dungeon (1/15)

Altars:

Annotations:
D:1 2 transporters


Message History

An endoplasm is nearby!
The endoplasm freezes you.
You are frozen.
You hit the endoplasm.
The endoplasm is severely wounded.
The endoplasm hits you but does no damage.
You hit the endoplasm.
You kill the endoplasm!
No target in view!
h - a fizzy yellow potion
i - a scroll labelled HAM FASEFY You now have 18 gold pieces (gained 2).
A goblin comes into view. It is wielding a +0 club.
A rat and a quokka come into view.
You see here a scroll labelled JUSADGHAMAYV.
You closely miss the quokka. The quokka completely misses you.
The goblin hits you with a +0 club. The quokka bites you.
You closely miss the quokka.
The quokka bites you but does no damage.
The goblin hits you with a +0 club. You block the quokka's attack.
The goblin hits you but does no damage.
You hit the quokka but do no damage. The quokka barely misses you.
You block the goblin's attack.
You barely miss the quokka. The quokka bites you.
The rat bites you but does no damage. The goblin hits you with a +0 club.
* * * LOW HITPOINT WARNING * * *
The quokka barely misses you. The goblin attacks as you move away!
The goblin hits you but does no damage.
Unknown command.
The rat attacks as you move away! The rat bites you but does no damage.
You make a move on Xom's chessboard...
The rat flickers and vanishes!
Deactivating autopickup; reactivate with Ctrl-A.
Something bites you but does no damage.
You make a move on Xom's chessboard...
The goblin twists and deforms.
Something bites you but does no damage.
You make a move on Xom's chessboard...
The quokka flickers and vanishes!
Something bites you but does no damage.
You hit something but do no damage. You block something's attack.
You hit something. Something bites you.
You die...

#.........#
#.#.#.#######
#............
#...#.####..#
#...#.# ..#
#...#.# ..#
#...#.# ..#
#...#.####..#####
#......@{{g......
##...#####..#####
#... ..... #...
#.#### #... ..
#... ... ###. ###
#.


You could see a goblin (misshapen).

Vanquished Creatures
  A dart slug (D:1)
  2 endoplasms (D:1)
3 creatures vanquished.

Notes
Turn   | Place    | Note
-------+----------+-------------------------------------------
     0 | D:1      | growler the Demonspawn Wanderer began the quest for the
                  | Orb.
     0 | D:1      | growler set off with the following items: a +0 club, a
                  | scroll of fog, a piece from Xom's chessboard (15/15), a
                  | potion of haste, a +0 leather armour, a +2 buckler.
     0 | D:1      | Reached XP level 1. HP: 13/13 MP: 1/1
    43 | D:1      | Reached skill level 1 in Fighting
   204 | D:1      | Slain by a rat

Illustrated notes

Levels and vault maps discovered:
D:1:      spicycebolla_arrival_transporter_tutorial, layout_loops_ring,
          nicolae_shop_unique_rings, nrook_campfire, minmay_liquid_box

Skill      XL: |  1 |
---------------+----+-----
Fighting       | 1 |  1.3
Armour         | |  1.7
Shields        | |  2.6
Unarmed Combat | |  3.6
Evocations     | |  1.0

Action                   || total
-------------------------++-------
Melee: Club              ||    18
Evoke: Piece from Xom's  ||     3
Armor: Leather armour    ||    11
Dodge: Dodged            ||     6
Block: Buckler           ||     6
